 Dungeon Crawl Stone Soup version 0.27-a0-1202-ge72e49191c (webtiles) character file.

Game seed: 9864956280067390996

1672 Kinoniko the Carver (level 8, -2/102 HPs)
             Began as a Black Draconian Berserker on June 3, 2021.
             Was an Elder of Trog.
             Slain by a killer bee (3 damage)
             ... on level 5 of the Dungeon.
             The game lasted 00:06:34 (5609 turns).

Kinoniko the Carver (Black Draconian Berserker)     Turns: 5609, Time: 00:06:34

Health: -2/102     AC:  8    Str: 20    XL:     8   Next: 70%
Magic:  17/17      EV: 12    Int:  7    God:    Trog [****..]
Gold:   215        SH:  0    Dex: 13    Spells: 7/7 levels left

rFire    . . .     SeeInvis .   t - +0 great sword (freeze)
rCold    . . .     Faith    .   (shield currently unavailable)
rNeg     . . .     Spirit   .   (armour unavailable)
rPois    .         Reflect  .   (helmet restricted)
rElec    +         Harm     .   h - +1 cloak
rCorr    .         Rampage  .   (no gloves)
Will     .....                  (no boots)
Stlth    ..........             (no amulet)
HPRegen  0.27/turn              j - ring of magical power
MPRegen  0.15/turn              (no ring)

@: berserking (expiring), lethally poisoned (-2 -> -31), very quick
A: breathe lightning, AC +6, unfitting armour, electricity resistance,
cold-blooded
a: Breathe Lightning, Renounce Religion, Berserk, Trog's Hand, Brothers in Arms


You were on level 5 of the Dungeon.
You worshipped Trog.
Trog was greatly pleased with you.
You visited 1 branch of the dungeon, and saw 5 of its levels.
You also visited: Sewer.

You collected 215 gold pieces.

Inventory:

Hand Weapons
 a - a +0 falchion
 t - a +0 great sword of freezing (weapon)
Armour
 h - a +1 cloak (worn)
 r - a +0 pair of gloves
Jewellery
 j - a ring of magical power (left hand)
Scrolls
 b - a scroll of teleportation
 c - a scroll of brand weapon
 d - a scroll of blinking
 g - a scroll of enchant armour
 s - a scroll of torment
 u - a scroll of identify
Potions
 e - 2 potions of might {unknown}
 f - 6 potions of brilliance
 i - a potion of berserk rage {unknown}
 k - 2 potions of resistance {unknown}
 l - 5 potions of curing
 m - 5 potions of heal wounds {unknown}
 n - a potion of degeneration {unknown}
 o - 3 potions of flight
 p - a potion of haste {unknown}
 q - a potion of attraction {unknown}


   Skills:
 - Level 5.0 Fighting
 * Level 10.9 Long Blades
 - Level 2.6 Dodging


You had 7 spell levels left.
You didn't know any spells.
Your spell library was empty.

Dungeon Overview and Level Annotations

Branches:
Dungeon (5/15)             Temple (0/1) D:5           Sewer (visited)

Altars:
Cheibriados
Nemelex Xobeh
Sif Muna
Vehumet
Xom

Shops:
D:1 =   D:4 =


Innate Abilities, Weirdness & Mutations

You can breathe wild blasts of lightning.
Your glossy black scales are hard. (AC +6)
You cannot fit into any form of body armour.
You are resistant to electric shocks. (rElec)
You are cold-blooded and may be slowed by cold attacks.


Message History

The killer bee stings you but does no damage.
The killer bee barely misses you.
You riposte.
You slice the killer bee!! You freeze the killer bee.
You kill the killer bee!
Trog accepts your kill. The killer bee closely misses you.
You riposte.
You slash the killer bee! You freeze the killer bee.
You kill the killer bee!
Trog accepts your kill. The killer bee closely misses you.
You riposte.
You closely miss the killer bee. The killer bee stings you.
You feel very sick. The killer bee stings you!
* * * LOW HITPOINT WARNING * * *
The killer bee closely misses you.
You riposte.
You barely miss the killer bee.
You see here a killer bee corpse.
Unknown command.
You completely miss the killer bee.
Your tail-slap misses the killer bee.
* * * LOW HITPOINT WARNING * * *
You feel very sick.
The killer bee stings you but does no damage.
The killer bee barely misses you.
The killer bee stings you but does no damage.
Unknown command.
You closely miss the killer bee.
Your tail-slap misses the killer bee.
* * * LOW HITPOINT WARNING * * *
You feel very sick.
The killer bee closely misses you. x2; You riposte.
You miss the killer bee.
The killer bee barely misses you. x2; The killer bee stings you!
* * * LOW HITPOINT WARNING * * *
You are more poisoned.
The killer bee poisons you! The killer bee stings you.
* * * LOW HITPOINT WARNING * * *
You are more poisoned.
The killer bee poisons you!
You miss the killer bee.
* * * LOW HITPOINT WARNING * * *
You feel extremely sick. The killer bee stings you.
You die...

+.... #....#####
#.... #.........
#.... #.........
+.... #.........
#.... #.........
#.... #.........
...... #y†.......
..#### #@y......>
.. #.y....... ..
#.............#
#.............##+#
#.................
#.................
#.................
#.................
#.................


You could see 3 killer bees.

Vanquished Creatures
  Sigmund (D:4)
  An orc warrior (D:5)
  A necrophage (D:5)
  2 ogres (D:4)
  2 phantoms (D:4)
  A kobold brigand (D:4)
  2 water moccasin zombies (D:4)
  A water moccasin skeleton (D:4)
  3 killer bees (D:5)
  A bullfrog zombie (D:5)
  A jelly (D:5)
  A centaur zombie (D:5)
  Crazy Yiuf (D:2)
  An orc priest (D:5)
  2 bullfrog skeletons
  2 centaur skeletons (D:5)
  An iguana (D:4)
  2 scorpion zombies
  A hound skeleton (D:5)
  3 hound zombies
  11 adders
  5 river rats (Sewer)
  An ufetubus (D:5)
  An adder skeleton (D:4)
  A worm (D:2)
  2 dart slugs
  4 orcs
  4 endoplasms
  2 giant cockroaches
  8 goblins
  7 hobgoblins
  14 jackals
  A quokka (D:4)
  9 ball pythons
  5 bats
  7 frilled lizards
  19 kobolds
  23 rats
154 creatures vanquished.

Notes
Turn   | Place    | Note
-------+----------+-------------------------------------------
     0 | D:1      | Kinoniko the Draconian Berserker began the quest for the
                  | Orb.
     0 | D:1      | Reached XP level 1. HP: 19/19 MP: 1/1
   252 | D:1      | Found Irhaokk's Jewellery Emporium.
   424 | D:1      | Reached XP level 2. HP: 26/26 MP: 2/2
   644 | D:1      | Reached ** piety under Trog
  1005 | D:2      | Reached XP level 3. HP: 33/33 MP: 3/3
  1007 | D:2      | Reached skill level 4 in Long Blades
  1310 | D:2      | Found a runed translucent door.
  1311 | D:2      | Noticed Crazy Yiuf
  1319 | D:2      | Killed Crazy Yiuf
  1320 | D:2      | Reached XP level 4. HP: 40/40 MP: 4/4
  1933 | D:3      | Found a sparkling altar of Nemelex Xobeh.
  1997 | D:3      | Found a glowing drain.
  2007 | D:3      | Reached skill level 5 in Long Blades
  2017 | Sewer    | Entered a sewer
  2031 | Sewer    | Reached XP level 5. HP: 47/47 MP: 5/5
  2174 | Sewer    | Reached *** piety under Trog
  3189 | D:3      | Found a radiant altar of Vehumet.
  3410 | D:3      | Found a shimmering altar of Xom.
  3453 | D:3      | Reached skill level 5 in Fighting
  3706 | D:4      | Reached XP level 6. HP: 55/56 MP: 6/6
  3732 | D:4      | Reached **** piety under Trog
  3733 | D:4      | Reached skill level 6 in Long Blades
  3914 | D:4      | Reached skill level 7 in Long Blades
  3920 | D:4      | Your scales start taking on a glossy black colour.
  3920 | D:4      | Reached XP level 7. HP: 20/61 MP: 7/7
  3920 | D:4      | Gained mutation: You are resistant to electric shocks.
                  | (rElec) [Black Draconian growth]
  4420 | D:4      | Reached skill level 8 in Long Blades
  4554 | D:4      | You fall into a shaft and drop 1 floor!
  4554 | D:5      | Entered Level 5 of the Dungeon
  4572 | D:4      | Found Kycuclat's Jewellery Shop.
  4627 | D:4      | Reached skill level 9 in Long Blades
  4656 | D:4      | Noticed Sigmund
  4665 | D:4      | Killed Sigmund
  4666 | D:4      | Reached XP level 8. HP: 68/68 MP: 8/8
  4884 | D:5      | Reached skill level 10 in Long Blades
  5006 | D:5      | Found a snail-covered altar of Cheibriados.
  5070 | D:5      | Found a shimmering blue altar of Sif Muna.
  5155 | D:5      | Found a staircase to the Ecumenical Temple.
  5609 | D:5      | HP: 1/102 [poisoned by a killer bee]
  5609 | D:5      | Slain by a killer bee

Illustrated notes

Levels and vault maps discovered:
D:1:      lemuel_arrival_rhombus, layout_basic, serial_shops, shop,
          minmay_close_crescents
D:2:      layout_rooms, minmay_misc_feat_tower, uniq_crazy_yiuf_cottage
D:3:      layout_basic, nemelex_spade_bored_becter, fiery_altar_vehumet,
          overflow_temple_1_default, portal_sewer_entry_d, minmay_ruptured
D:4:      layout_rooms, serial_undead, serial_undead_d, serial_undead_c,
          serial_undead_f, serial_undead_f, serial_shops, nicolae_shop_stone,
          hangedman_minor_gate_pass, uniq_sigmund
D:5:      layout_gridville, lemuel_doored_altar, led_sif_book,
          minmay_temple_entry_from_below_b, kennysheep_generic_room_4

Skill      XL: |  1  2  3  4  5  6  7  8 |
---------------+-------------------------+-----
Long Blades    | 4 5 7 9 10 | 10.9
Fighting       | 4 5 |  5.0
Dodging        | |  2.6

Action                   |  1- 3 |  4- 6 |  7- 9 || total
-------------------------+-------+-------+-------++-------
Melee: Falchion          |    93 |   209 |    31 ||   333
       Tailslap          |    11 |    34 |    19 ||    64
       Great sword       |       |       |    70 ||    70
Invok: Berserk           |     3 |     6 |     7 ||    16
  Use: Scroll            |       |     6 |     8 ||    14
 Stab: Sleeping          |       |       |     1 ||     1
Armor: Skin              |    33 |   100 |    42 ||   175
Dodge: Dodged            |    67 |   195 |    77 ||   339
       Rpst.: Falchion   |    16 |    66 |     6 ||    88
       Great sword       |       |       |    22 ||    22

Table legend: (Time is in decaauts)
 A = Elapsed time spent in this place.
 B = Non-inter-level travel time spent in this place.
 C = Inter-level travel time spent in this place.
 D = Time resting spent in this place.
 E = Time spent auto-exploring this place.
 F = Levels seen in this place.
 G = Mean time per level.
                   A        B        C        D        E       F      G
               +--------+--------+--------+--------+--------+-----+--------+
         Total |   5814 |   5759 |     55 |   1295 |   3541 |   6 |  969.0 |
       Dungeon |   4640 |   4585 |     55 |    917 |   2935 |   5 |  928.0 |
         Sewer |   1174 |   1174 |      0 |    378 |    605 |   1 | 1174.0 |
               +--------+--------+--------+--------+--------+-----+--------+

Top non-repeatable levels by time:
     D:4: 1188 daAuts
   Sewer: 1174 daAuts
     D:1: 1001 daAuts
     D:2: 882 daAuts
     D:5: 839 daAuts
     D:3: 728 daAuts
